woodfighter, chaotic female orcish Cavewoman ---- -------------------..| ----...............)....-- |......--...----------...| |`%.--.....-- |...| |...--.....| ---W| |..........-- ---------|| |..........>| |....[.[.%| --.---------- |......)@)| |..| |x...<.O)%| --..------- |Y........| |.......`.| |.........| |.........| ----------- ----------- woodfighter the Young Cave Woman Experience level: 9 Strength: 18/09 Dexterity: 12 Constitution: 18 Intelligence: 9 Wisdom: 9 Charisma: 8 Health: 0(91) Energy: 21(21) Def: 17 Gold: 0 Moves: 9068 Dungeon seed: BQu2u-eGCzkncw4I Game ID: woodfighter_1475005162 Your Inventory: Amulets o - an uncursed amulet of magical breathing (being worn) Weapons a - a +1 club (weapon in hand) f - a blessed +1 bow (alternate weapon; not wielded) g - 26 +0 arrows (in quiver) i - 15 +1 arrows Armor H - an uncursed +0 pair of iron shoes (being worn) L - an uncursed +2 T-shirt (being worn) N - a blessed +2 dwarvish mithril-coat (being worn) O - an uncursed +0 pair of leather gloves (being worn) P - an uncursed +0 shield of reflection (being worn) Q - an uncursed +0 oilskin cloak (being worn) Y - an uncursed rusty +0 dwarvish iron helm (being worn) Comestibles b - an uncursed eucalyptus leaf k - an uncursed lembas wafer l - 3 uncursed fortune cookies m - an uncursed mango q - 2 uncursed food rations X - an uncursed partly eaten apple Z - 2 uncursed lizard corpses Rings A - an uncursed ring of fire resistance F - an uncursed ring of searching Wands B - a wand of lightning (0:7) C - a wand of make invisible (0:6) J - a wand of digging (0:2) Tools j - an uncursed towel s - an uncursed sack v - an uncursed oil lamp (0:225) y - an uncursed credit card W - a +0 unicorn horn Gems E - an uncursed luckstone Contents of the sack: an uncursed [+0] mummy wrapping an uncursed ring of polymorph control an uncursed [+0] pick-axe Spells and supernatural/magical abilities: Name Level Category Fail Memory W - pray for help -- divine ? -- Your skills at the end: Miscellaneous Skills bare handed combat [Basic] shield [Basic] stealth [Basic] Weapon Skills scimitar [Basic] club [Expert] sling [Basic] Spellcasting Skills Final Attributes: You were piously aligned. You were cold resistant. You were sleep resistant. You were poison resistant. Your writing hand was cramped from overuse. You had infravision. You were somewhat stealthy. You could survive without air. You were fast. You had reflection. You were lucky. You had extra luck. Bad luck did not time out for you. Good luck did not time out for you. You are dead. Vanquished creatures: 2 large mimics a long worm a warg a quantum mechanic a small mimic an ettin mummy a large dog a freezing sphere a flaming sphere a shocking sphere a tiger a dwarf king a tengu an ochre jelly a crocodile 2 wraiths an ettin zombie 3 wolves 3 winter wolf cubs a lynx 11 gremlins a quivering blob 2 lizards an orc-captain a scorpion 5 horses a vampire bat 2 gnome kings an orc mummy 3 ogres 2 Green-elves an owlbear a dingo a housecat a dwarf lord a gray unicorn a dust vortex a gnome mummy 4 Woodland-elves 2 snakes 3 fire ants 2 yellow lights 5 Mordor orcs an Uruk-hai 4 orc shamans a rock mole a fog cloud a shrieker 11 gnome lords 4 gnomish wizards 2 kobold mummies a golden naga hatchling 2 gray oozes a straw golem a floating eye a kitten 15 dwarves 2 kobold lords 2 iguanas 5 hill orcs 5 rothes 2 jitterbugs a giant bat 3 monkeys a wererat a coyote a gas spore 5 hobbits an acid blob 4 geckos 6 hobgoblins 4 giant rats 4 cave spiders 2 yellow molds 2 green molds a red mold 53 gnomes 2 manes 2 gnome zombies 5 jackals a fox 2 kobolds 5 newts 5 goblins 2 sewer rats 8 grid bugs 4 bats 3 lichens 269 creatures vanquished. Voluntary challenges: You did not cause conflict. You were not invisible. You were not displaced. You had been an atheist until turn 2040. You used a wielded weapon 460 times, starting on turn 149. You did not use plumbed fixtures. You did not drink any magical draughts. You read items or engraved 15 times, starting on turn 2334. You never genocided any monsters. You never polymorphed an object. You never changed form. You used no wishes. You never split a pudding. You wrote Elbereth's name 1 time, starting on turn 9046. You violated your moral code, losing 3 points of alignment, starting on turn 5139. Dungeon overview: The Dungeons of Doom: levels 1 to 10 Level 1 (vault) a fountain a long staircase Level 2 a general store Level 3 Level 4 a sink stairs to The Gnomish Mines Level 5 a sink Level 6 a fountain Level 7 a general store, an altar to Ishtar, some fountains Level 8 some fountains Level 9 many fountains Level 10 stairs to Sokoban The Gnomish Mines: levels 5 to 12 Level 5 stairs to The Dungeons of Doom Level 6 Level 7 many shops, a temple to Anshar, a magic chest, some fountains Level 8 Level 9 Level 10 Level 11 Level 12 many altars to Moloch, a magic chest, some fountains Sokoban: levels 8 to 9 Level 8 <- You were here Level 9 a magic chest stairs to The Dungeons of Doom History has recorded: On T:1 you entered the Dungeons of Doom to retrieve the Amulet of Yendor! On T:128 you reached level 2 of The Dungeons of Doom. On T:431 you reached level 3 of The Dungeons of Doom. On T:761 you advanced to experience level 2. On T:901 you reached level 4 of The Dungeons of Doom. On T:1149 you advanced to experience level 3. On T:1301 you reached level 5 of The Dungeons of Doom. On T:1433 you reached level 1 of The Gnomish Mines. On T:1489 you advanced to experience level 4. On T:1767 you advanced to experience level 5. On T:1815 you reached level 2 of The Gnomish Mines. On T:1863 you reached level 4 of The Gnomish Mines. On T:1931 you advanced to experience level 6. On T:1967 you reached level 3 of The Gnomish Mines. On T:2031 you entered the Minetown temple On T:2078 you opened a magic chest. On T:2578 you advanced to experience level 7. On T:3386 you reached level 5 of The Gnomish Mines. On T:3714 you reached level 6 of The Gnomish Mines. On T:3847 you advanced to experience level 8. On T:4050 you reached level 7 of The Gnomish Mines. On T:4804 you reached level 8 of The Gnomish Mines. On T:4804 you reached the bottom of the Mines. On T:5800 you advanced to experience level 9. On T:6303 you reached level 6 of The Dungeons of Doom. On T:6770 you reached level 7 of The Dungeons of Doom. On T:7088 you reached level 8 of The Dungeons of Doom. On T:7648 you reached level 9 of The Dungeons of Doom. On T:7842 you reached level 10 of The Dungeons of Doom. On T:8031 you reached level 4 of Sokoban. On T:8459 you reached level 3 of Sokoban. On T:9038 you prayed to Anshar. Score breakdown: Gold: 0 ( 0 points) Experience: 9 levels ( 800 points) Exploration: 12 levels ( 330 points) Discoveries: 33 items ( 1650 points) Variety of kills: 88 monsters ( 2000 points) Major goal: reached Mine's End ( 1000 points) Survival: died (score multiplied by 3) Total score: 17340 Latest messages: The arrow hits the floating eye. The arrow hits the floating eye. You kill the floating eye! You are now wielding your club. f - a blessed bow (alternate weapon; not wielded). You hit the dwarf! You kill the dwarf! The wraith touches you! You hit the wraith! (2x) The wraith misses. You hit the wraith! The wraith touches you! You destroy the wraith! You hit the scorpion! The scorpion misses. (2x) The scorpion stings! The scorpion claws you! (2x) The scorpion misses. You kill the scorpion! You hit the fog cloud! (2x) You destroy the fog cloud! The ogre swings her runed broadsword at the cavewoman. The ogre hacks you! You die... Final status: Goodbye woodfighter the Cavewoman, killed by an ogre... You died in Sokoban on dungeon level 8 with 17340 points, and 0 pieces of gold, after 9068 moves. You were level 9 with a maximum of 91 hit points when you died.